AoeStats
← Sahraoui

Oasis

510198234Analyzed
4v4 RM · 1d ago on Sep 29, 2026· 34m 21s· 8 players
Game mode
Random Map
Map size
Large (8 player)
Population
200
Speed
Normal
Resources
Standard
Victory
Conquest
Starting age
Dark Age
Ending age
Imperial Age
RankedLock teamsTeams togetherTeam positionsShared explorationLock speedFull tech treeHidden civsTurbo modeCheats
Victory
Defeat
🇺🇸 Franks · United States
1304
+13
🇹🇷 Aztecs · Türkiye
1253
+15
🇫🇷 Magyars · France
1236
+15
🇮🇳 Mongols · India
1166
+18
🇨🇴 Varangians · Colombia
1326
-19
🇲🇽 Romans · Mexico
1206
-15
🇺🇸 Celts · United States
1194
-14
🇨🇴 Saxons · Colombia
1160
-13
Sahraoui
6:36 Loom
9:46 Feudal Age
11:46 Double-Bit Axe
11:43 Horse Collar
19:16 Wheelbarrow
25:37 Castle Age
24:05 Bloodlines
25:42 Scale Barding Armor
26:55 Chain Barding Armor
27:20 Light Cavalry
KhalDrogo
6:45 Loom
9:30 Feudal Age
10:18 Double-Bit Axe
14:19 Fletching
15:59 Wheelbarrow
21:11 Castle Age
20:25 Gold Mining
21:33 Padded Archer Armor
21:17 Crossbowman
21:52 Bodkin Arrow
23:39 Leather Archer Armor
23:59 Ballistics
30:25 Imperial Age
32:13 Chemistry
31:28 Bow Saw
34:31 Hand Cart
34:01 Town Watch
Sâhibü-s Seyf
6:10 Loom
8:52 Feudal Age
9:36 Double-Bit Axe
9:37 Horse Collar
20:25 Castle Age
18:40 Scale Mail Armor
20:01 Wheelbarrow
19:11 Town Watch
20:45 Forging
20:32 Eagle Warrior
23:58 Arson
25:18 Squires
25:30 Gambesons
26:38 Chain Mail Armor
28:44 Bow Saw
29:55 Iron Casting
30:49 Heavy Plow
33:07 Murder Holes
suny619
5:11 Loom
9:07 Feudal Age
15:33 Castle Age
14:00 Stone Mining
16:08 Fletching
16:36 Double-Bit Axe
24:56 Masonry
26:51 Bodkin Arrow
28:58 Bow Saw
31:22 Horse Collar
32:46 Ballistics
33:04 Heavy Plow
33:59 Guard Tower
Mahore
10:36 Feudal Age
15:36 Castle Age
19:03 Loom
21:34 Town Watch
24:11 Gambesons
29:07 Scale Mail Armor
29:18 Forging
33:19 Double-Bit Axe
33:17 Horse Collar
33:52 Stone Mining
Cdeleon
10:36 Feudal Age
12:37 Loom
14:57 Castle Age
13:07 Double-Bit Axe
13:33 Horse Collar
13:50 Loom
19:03 Bow Saw
24:01 Fletching
25:53 Heavy Plow
27:42 Ballistics
33:56 Imperial Age
34:32 Wheelbarrow
34:20 Gold Mining
Teodoro
6:59 Loom
7:36 Loom
11:13 Feudal Age
15:02 Castle Age
18:35 Double-Bit Axe
19:01 Scale Mail Armor
19:16 Horse Collar
23:45 Forging
23:51 Chain Mail Armor
25:18 Fletching
34:07 Iron Casting
gaurioles
7:07 Loom
10:39 Feudal Age
14:28 Double-Bit Axe
16:41 Wheelbarrow
23:28 Castle Age
27:27 Fletching
Connection lost

Rejoining the realm…

Still unreachable

The connection could not be restored.

Session expired

The server has moved on; the page needs a fresh start.